 Dungeon Crawl Stone Soup version 0.26.1-11-gd32895ea62 (webtiles) character file.

Game seed: 7919353189082936763

137 Zeld the Cudgeller (level 5, 0/44 HPs)
             Began as a Draconian Gladiator on June 13, 2021.
             Killed from afar by an orc wizard (7 damage)
             ... with a puff of flame
             ... on level 2 of the Dungeon.
             The game lasted 00:04:34 (3503 turns).

Zeld the Cudgeller (Draconian Gladiator)            Turns: 3503, Time: 00:04:35

Health: 0/44       AC:  5    Str: 17    XL:     5   Next: 0%
Magic:  5/5        EV: 13    Int:  9    God:
Gold:   98         SH:  0    Dex: 12    Spells: 4/4 levels left

rFire    . . .     SeeInvis .   a - +2 whip (venom)
rCold    . . .     Faith    .   (no shield)
rNeg     . . .     Spirit   .   (armour unavailable)
rPois    .         Reflect  .   b - +0 hat
rElec    .         Harm     .   (no cloak)
rCorr    .         Rampage  .   (no gloves)
Will     .....                  (no boots)
Stlth    +.........             (no amulet)
HPRegen  0.14/turn              (no ring)
MPRegen  0.09/turn              (no ring)

@: no status effects
A: unfitting armour, cold-blooded, AC +5
a: no special abilities


You were on level 2 of the Dungeon.
You visited 1 branch of the dungeon, and saw 3 of its levels.

You collected 98 gold pieces.

Inventory:

Hand Weapons
 a - a +2 whip of venom (weapon)
Missiles
 c - 3 throwing nets (quivered)
 e - 62 stones
Armour
 b - a +0 hat (worn)
Jewellery
 h - an uncursed ring of flight {unknown}
 o - an uncursed ring of see invisible {unknown}
 r - an uncursed ring of flight {unknown}
Scrolls
 i - 3 scrolls of identify {unknown}
 j - a scroll of remove curse {unknown}
 k - a scroll of teleportation {unknown}
 l - 3 scrolls of fog {unknown}
 n - a scroll of amnesia {unknown}
 p - a scroll of fear {unknown}
 q - a scroll of random uselessness {unknown}
Potions
 d - a potion of degeneration {unknown}
 f - 3 potions of invisibility {unknown}
 g - a potion of flight {unknown}
 m - 2 potions of curing {unknown}


   Skills:
 + Level 2.9 Fighting
 * Level 4.1 Maces & Flails
 * Level 3.0 Throwing
 + Level 3.2 Dodging


You had 4 spell levels left.
You didn't know any spells.
Your spell library was empty.

Dungeon Overview and Level Annotations

Branches:
Dungeon (3/15)

Altars:


Innate Abilities, Weirdness & Mutations

Your plain brown scales are hard. (AC +5)
You cannot fit into any form of body armour.
You are cold-blooded and may be slowed by cold attacks.


Message History

You hit something but do no damage. Something barely misses you.
Something hits you but does no damage.
You barely miss something.
Your tail-slap misses something.
Something barely misses you.
You barely miss something. Something hits you but does no damage.
You closely miss something.
You hear some strange, mumbled words.
A magic dart appears from out of thin air!
The magic dart hits you.
You hear some strange, mumbled words.
A magic dart appears from out of thin air!
The magic dart hits you!
* * * LOW HITPOINT WARNING * * *
You hit something but do no damage. Something hits you but does no damage.
Unknown command.
You miss something.
You hear some strange, mumbled words.
A puff of flame appears from out of thin air!
The puff of flame hits you!
You die...

.>...#....##..##..#
#.#.
##...##...#.......#
#.#.
#.#.###.รท.....##.####
#.#.
##.#..###..##........#
#.#.
.......######..##.##.#
#.#.
##.##...........#....#
######.#.
##.##...........#..###
#......#.
##.##..#........#..#
#.######.
................@{.#
#.# #.
#####..#..#.....##.#
#.# #. #
#..#..#.....##.#
#.######.
#####..#.<#.....##.#
#........
.......#..#.....##.#
######.#.
##........#.....##.#
#.#.
#........###...##.#
#.#.
#......#.###...##.#
#.#.
#####'##..##...##.#
#.#.


There were no monsters in sight!

Vanquished Creatures
  A hound zombie (D:2)
  3 adders
  2 oozes
  2 worms
  3 dart slugs
  7 orcs (D:3)
  A ball python (D:2)
  3 giant cockroaches
  4 goblins (D:2)
  7 hobgoblins
  11 jackals
  3 quokkas (D:2)
  6 bats
  A frilled lizard (D:1)
  A jackal skeleton (D:3)
  4 kobolds
  8 rats
67 creatures vanquished.

Notes
Turn   | Place    | Note
-------+----------+-------------------------------------------
     0 | D:1      | Zeld the Draconian Gladiator began the quest for the Orb.
     0 | D:1      | Reached XP level 1. HP: 17/17 MP: 1/1
   409 | D:1      | Reached XP level 2. HP: 18/25 MP: 2/2
  1346 | D:2      | Reached XP level 3. HP: 30/30 MP: 3/3
  2037 | D:2      | Reached XP level 4. HP: 37/37 MP: 4/4
  2413 | D:2      | Found a faded altar of an unknown god.
  2894 | D:3      | Reached skill level 4 in Maces & Flails
  3489 | D:3      | Reached XP level 5. HP: 32/44 MP: 5/5
  3503 | D:2      | Killed from afar by an orc wizard

Illustrated notes

Levels and vault maps discovered:
D:1:      dpeg_arrival_stonehenge_8_columns, layout_basic
D:2:      layout_basic, chequers_ecumenical_altar_simple, chequers_garden,
          kennysheep_cross_bottleneck, minmay_cupped
D:3:      layout_basic

Skill      XL: |  1  2  3  4 |
---------------+-------------+-----
Throwing       | 2 3 |  3.0
Dodging        | 3 |  3.2
Maces & Flails | 4 |  4.1
Fighting       | |  2.9

Action                   |  1- 3 |  4- 6 || total
-------------------------+-------+-------++-------
Melee: Flail             |   124 |    48 ||   172
       Tailslap          |    14 |    10 ||    24
       Whip              |       |    55 ||    55
 Stab: Sleeping          |     3 |       ||     3
Armor: Skin              |    44 |    28 ||    72
Dodge: Dodged            |   125 |    68 ||   193
